cohdb
Replays
Latest Replays
All Replays
Popular Replays
Top Player Replays
Match Explorer
How It Works
Community
CoH3 Stats
Reddit
Sign in to upload your games and track your stats! →
Sign in with Steam
Match 41980232
Unlisted
Match 41980232
Overview
Messages
Build Orders
End
Panzergrenadier Squad
Selects Italian Combined Arms Battlegroup
Selects Bersaglieri Squad
Bersaglieri Squad
Bersaglieri Squad
Construct Light Support Kompanie
Bersaglieri Squad
Selects Bersaglieri Bolster
Fire Support Elements
Assault Mechanized Group
Selects Breda Model 30 Light Machine Guns
Construct Panzerarmee Kommand
Selects Semovente da 75/18 Assault Gun
Panzer III L Medium Tank
Selects Strafing Run
2.5-tonne Medical Truck
Panzer III L Medium Tank
Selects Artillery Cover
Artillery Cover
崩溃覆盖
Dullahan
0
0
Comments
sign in to comment!
No comments posted yet!